 Dungeon Crawl Stone Soup version 0.24.0-125-gc4c63601f3 (webtiles) character file.

Game seed: 527377807265020757, levelgen mode: deterministic

81 Johnny the Digger (level 4, -1/33 HPs)
             Began as a Demigod Earth Elementalist on Feb 22, 2020.
             Slain by a hobgoblin
             ... wielding a cursed +0 club
              (3 damage)
             ... on level 2 of the Dungeon.
             The game lasted 00:01:13 (1822 turns).

Johnny the Digger (Demigod Earth Elementalist)      Turns: 1822, Time: 00:01:13

Health: -1/33      AC:  2    Str: 11    XL:     4   Next: 0%
Magic:  9/11       EV: 12    Int: 21    God:
Gold:   99         SH:  0    Dex: 16    Spells: 7/8 levels left

rFire    . . .     SeeInvis .   a - +0 dagger
rCold    . . .     Gourm    .   (no shield)
rNeg     . . .     Faith    .   c - +0 robe
rPois    .         Spirit   .   (no helmet)
rElec    .         Reflect  .   (no cloak)
rCorr    .         Harm     .   (no gloves)
MR       +....                  (no boots)
Stlth    ++........             e - amulet of rage
HPRegen  0.11/turn              g - ring of protection from magic
MPRegen  0.12/turn              (no ring)

@: no status effects
A: high mp 1
a: Evoke Berserk Rage


You were on level 2 of the Dungeon.
You were hungry.

You visited 1 branch of the dungeon, and saw 2 of its levels.

You collected 99 gold pieces.

Inventory:

Hand Weapons
 a - a +0 dagger (weapon)
Missiles
 b - 61 stones (quivered)
Armour
 c - a +0 robe (worn)
Jewellery
 e - an amulet of rage (around neck)
 g - a ring of protection from magic (left hand)
Scrolls
 f - a scroll of remove curse {unknown}
 k - a scroll of identify {unknown}
 l - a scroll of teleportation {unknown}
 o - 2 scrolls of blinking {unknown}
Potions
 h - 2 potions of curing {unknown}
 i - a potion of heal wounds {unknown}
 j - 2 potions of brilliance {unknown}
 m - a potion of berserk rage {unknown}
 n - 2 potions of mutation {unknown}
 q - a potion of magic {unknown}
Comestibles
 d - 3 rations


   Skills:
 - Level 1.7 Dodging
 - Level 1.7 Stealth
 + Level 2.9 Spellcasting
   Level 0.8 Transmutations
 + Level 3.7 Earth Magic


You had 7 spell levels left.
You knew the following spells:

 Your Spells              Type           Power        Failure   Level  Hunger
a - Sandblast             Erth           ###...       2%          1    None

Your spell library contained the following spells:

 Spells                   Type           Power        Failure   Level  Hunger
 Passwall                 Tmut/Erth      ##......     8%          2    ##.....
 Stone Arrow              Conj/Erth      ##....       19%         3    ###....
 Petrify                  Tmut/Erth      ##......     45%         4    ####...
 Lee's Rapid Deconstruct  Erth           ###.......   61%         5    ######.


Dungeon Overview and Level Annotations

Branches:
Dungeon (2/15)

Annotations:
D:2 Natasha


Innate Abilities, Weirdness & Mutations

You have an increased reservoir of magic. (+10% MP)


Message History

Natasha mewls in sadness.
Natasha claws you.
Unknown command.
Casting: Sandblast (safe; 2% risk of failure)
Confirm with . or Enter, or press ? or * to list all spells.
You don't know that spell.
Unknown command.
Casting: Sandblast (safe; 2% risk of failure)
Confirm with . or Enter, or press ? or * to list all spells.
Aiming: Sandblast (safe; 2% risk of failure)
Press: ? - help, Shift-Dir - straight line, f/p - Natasha
Aim: Natasha (lightly wounded)
The blast of sand hits Natasha!
Natasha is almost dead.
b - 61 stones The white imp gestures at you.
The puff of frost hits you!
* * * LOW HITPOINT WARNING * * *
The hobgoblin hits you with a cursed +0 club.
You die...

#... .... #... ... #...
## ... #... ... #'#
....####'###
...........#
......5....#
......g@...#
......h....#############
..........$.............
..........._.###########
..........$.$#
...........###
...........#
############


You could see Natasha, a white imp and a hobgoblin.

Vanquished Creatures
  Natasha (D:2)
  2 adders (D:2)
  2 dart slugs (D:1)
  A leopard gecko (D:1)
  6 bats (D:1)
  3 giant cockroaches
  3 hobgoblins
  3 jackals (D:2)
  4 goblins
  3 kobolds (D:1)
  4 rats
32 creatures vanquished.

Notes
Turn   | Place    | Note
-------+----------+-------------------------------------------
     0 | D:1      | Johnny the Demigod Earth Elementalist began the quest for
                  | the Orb.
     0 | D:1      | Reached XP level 1. HP: 14/14 MP: 5/5
   443 | D:1      | Reached skill level 3 in Earth Magic
   446 | D:1      | Reached XP level 2. HP: 9/20 MP: 1/7
  1237 | D:2      | Reached XP level 3. HP: 19/26 MP: 6/9
  1401 | D:2      | Noticed Natasha
  1411 | D:2      | Killed Natasha
  1746 | D:2      | Reached XP level 4. HP: 29/33 MP: 4/11
  1801 | D:2      | Found an opulent altar of Gozag.
  1814 | D:2      | Noticed Natasha
  1822 | D:2      | Slain by a hobgoblin

Levels and vault maps discovered:
D:1:      evilmike_arrival_plus, layout_basic
D:2:      layout_basic, nicolae_gozag_seed_capital, uniq_natasha

Skill      XL: |  1 |
---------------+----+-----
Spellcasting   | 2 |  2.9
Earth Magic    | 3 |  3.7
Dodging        | |  1.7
Stealth        | |  1.7
Transmutations | |  0.8

Action                   |  1- 3 |  4- 6 || total
-------------------------+-------+-------++-------
Melee: Dagger            |    72 |     6 ||    78
       Unarmed           |     7 |       ||     7
 Cast: Sandblast         |    24 |     3 ||    27
 Stab: Sleeping          |     4 |       ||     4
  Eat: Chunk             |     2 |       ||     2
Armor: Robe              |    18 |       ||    18
Dodge: Dodged            |    73 |     4 ||    77
